[Event "Titled Tuesday Blitz February 07 Early 2023"]
[White "Perez Rodriguez, Jennifer"]
[Black "Darini, Pouria"]
[WhiteFideId "3507831"]
[BlackFideId "12502200"]
[WhiteElo "2242"]
[BlackElo "2401"]
[Result "1/2-1/2"]
[Round "02"]
[TimeControl "180+2"]
[Date "2023.02.07"]
[WhiteClock "0:00:04"]
[BlackClock "0:00:12"]

1. e4 e5 2. Nf3 Nc6 3. Bc4 Bc5 4. d4 Bxd4 5. Nxd4 Nxd4 6. O-O Nf6 7. f4 d6 8. fxe5 dxe5 9. Bg5 Be6 10. Nd2 Qe7 11. c3 Bxc4 12. Nxc4 Ne6 13. Bxf6 gxf6 14. Ne3 Qc5 15. Qf3 O-O-O 16. Kh1 Kb8 17. Nd5 Ng5 18. Qe3 Qxe3 19. Nxe3 Nxe4 20. Ng4 Rhg8 21. Nxf6 Nxf6 22. Rxf6 Rd2 23. g3 Rxb2 24. Rxf7 h5 25. Rh7 a5 26. Rxh5 Re8 27. Re1 Rxa2 28. Rhxe5 Rxe5 29. Rxe5 a4 30. h4 a3 31. Ra5 b6 32. Ra4 Kb7 33. c4 c6 34. h5 b5 35. cxb5 cxb5 36. Ra5 Kb6 37. Ra8 Kb7 38. Ra5 Kb6 39. Ra8 Kb7 40. h6 Kxa8 41. h7 Rb2 42. h8=Q+ Kb7 43. Qg7+ Kb6 44. Qf6+ Ka5 45. Qd8+ Kb4 46. Qe7+ Kb3 47. Qe6+ Ka4 48. Qa6+ Kb4 49. Qd6+ Kb3 50. Qd5+ Ka4 51. Qa8+ Kb4 52. Qf8+ Kb3 53. Qf7+ Kc3 54. Qf6+ Kc2 55. Qf5+ Kc1 56. Qc5+ Kb1 57. Qxa3 b4 58. Qd3+ Ka2 59. g4 b3 60. g5 Rc2 61. g6 Rc1+ 62. Kh2 b2 63. Qa6+ Kb3 64. Qb5+ Kc3 65. Qc6+ Kb3 66. Qb5+ Ka2 67. Qa4+ Kb1 68. g7 Rc2+ 69. Qxc2+ Kxc2 70. g8=Q b1=Q 71. Qg6+ Kb2 72. Qxb1+ Kxb1 1/2-1/2


[Site "https://www.chess.com"]

[Event "Titled Tuesday Blitz February 07 Early 2023"]
[White "Seo, Jung Min"]
[Black "Rose, Felix"]
[WhiteFideId "1734687"]
[BlackFideId "5105722"]
[WhiteElo "2494"]
[BlackElo "2091"]
[Result "1-0"]
[Round "02"]
[TimeControl "180+2"]
[Date "2023.02.07"]
[WhiteClock "0:00:54"]
[BlackClock "0:00:03"]

1. e4 e5 2. Nf3 Nc6 3. Nc3 Nf6 4. Bb5 Bb4 5. O-O O-O 6. d3 d6 7. Ne2 h6 8. c3 Ba5 9. Ng3 Ne7 10. d4 c6 11. Bd3 Bc7 12. h3 Ng6 13. Re1 Re8 14. Bc2 Be6 15. Be3 Qd7 16. Qd2 a6 17. a3 Rad8 18. Rad1 Qe7 19. Qc1 Qf8 20. b3 Bc8 21. c4 exd4 22. Bxd4 Ne5 23. Nh2 Nfd7 24. Nhf1 Ba5 25. Re3 Bb6 26. Nf5 Bxd4 27. Rxd4 Nc5 28. Rg3 Ng6 29. N1e3 Ne6 30. Rd1 Ng5 31. h4 Nxe4 32. Bxe4 Rxe4 33. h5 Bxf5 34. Nxf5 Re5 35. Nxh6+ gxh6 36. hxg6 fxg6 37. Rxg6+ Kh7 38. Rg3 Rde8 39. Qc2+ Kh8 40. Qg6 Re1+ 41. Rxe1 Rxe1+ 42. Kh2 Re5 43. f4 Re7 44. f5 Rf7 45. Rf3 Rf6 46. Qh5 Qf7 47. Qg4 Kh7 48. Qe4 Qg7 49. g4 Qg5 50. Rh3 Qd2+ 51. Kg3 Qc3+ 52. Kh4 Rf7 53. Rxc3 1-0


[Site "https://www.chess.com"]

[Event "Titled Tuesday Blitz February 07 Early 2023"]
[White "Skibbe, Willi"]
[Black "Chernobay, Artem"]
[WhiteFideId "4682190"]
[BlackFideId "4167406"]
[WhiteElo "2176"]
[BlackElo "2484"]
[Result "0-1"]
[Round "02"]
[TimeControl "180+2"]
[Date "2023.02.07"]
[WhiteClock "0:02:11"]
[BlackClock "0:02:00"]

1. d4 Nf6 2. e3 g6 3. Nf3 Bg7 4. Be2 O-O 5. O-O c5 6. b3 cxd4 7. exd4 d5 8. Bb2 Nc6 9. Nbd2 Ne4 10. Ne5 Bf5 11. f3 Nxd2 12. Qxd2 Rc8 13. Nxc6 Rxc6 14. c4 dxc4 15. bxc4 Rd6 16. d5 Qb6+ 0-1


[Site "https://www.chess.com"]

[Event "Titled Tuesday Blitz February 07 Early 2023"]
[White "Afanasieva, Alexandra"]
[Black "Skvortsov, Andrei"]
[WhiteFideId "34126926"]
[BlackFideId "24108600"]
[WhiteElo "1857"]
[BlackElo "2313"]
[Result "0-1"]
[Round "02"]
[TimeControl "180+2"]
[Date "2023.02.07"]
[WhiteClock "0:00:02"]
[BlackClock "0:00:30"]

1. e4 d5 2. exd5 Qxd5 3. Nc3 Qe5+ 4. Qe2 Nc6 5. Nf3 Qa5 6. Qb5 Bf5 7. Qxb7 Rd8 8. Qxc6+ Bd7 9. Qc4 Nf6 10. d4 e6 11. Bf4 c5 12. Be2 Be7 13. O-O O-O 14. Rad1 Rc8 15. d5 exd5 16. Nxd5 Nxd5 17. Qxd5 Be6 18. Qh5 Qxa2 19. Be5 Qa4 20. Bd3 h6 21. h3 c4 22. Be2 Qb5 23. Nd4 Qb6 24. Nxe6 Qxe6 25. f4 f6 26. Bg4 Qb6+ 27. Bd4 Bc5 28. Bxc8 Bxd4+ 29. Kh1 Bxb2 30. Qd5+ Kh8 31. Bf5 Bc3 32. Be4 f5 33. Bxf5 Qf6 34. Be4 a5 35. Qd6 a4 36. Qxf6 Bxf6 37. Rd5 a3 38. Ra5 Bb2 39. Rd1 g5 40. fxg5 hxg5 41. Bd5 Rc8 42. Bxc4 Rxc4 43. Rd7 Rc8 44. Raa7 Kg8 45. g4 Kf8 46. Rf7+ Ke8 47. Rae7+ Kd8 48. Ra7 Ke8 49. Rfe7+ Kf8 50. Rf7+ Kg8 51. Rfd7 Kf8 52. Kg2 Ke8 53. Re7+ Kf8 54. Rf7+ Kg8 55. Rfb7 Rxc2+ 56. Kf3 Rc8 57. Ke4 Rf8 58. Rc7 Kh8 59. Rcb7 Kg8 60. Rb6 Rf4+ 61. Kd5 Rf8 62. Ke6 Rf6+ 63. Kd7 Rxb6 0-1


[Site "https://www.chess.com"]

[Event "Titled Tuesday Blitz February 07 Early 2023"]
[White "Liyanage, Ranindu Dilshan"]
[Black "De Vreugt, Dennis"]
[WhiteFideId "9915834"]
[BlackFideId "1003909"]
[WhiteElo "2342"]
[BlackElo "2392"]
[Result "1-0"]
[Round "02"]
[TimeControl "180+2"]
[Date "2023.02.07"]
[WhiteClock "0:00:58"]
[BlackClock "0:00:14"]

1. e4 e5 2. Nf3 Nc6 3. Bc4 Nf6 4. d3 Bc5 5. c3 d6 6. Nbd2 a6 7. Bb3 h6 8. h3 O-O 9. Nf1 Ne7 10. g4 Ng6 11. g5 Nh5 12. gxh6 Ngf4 13. hxg7 Kxg7 14. Ne3 Rg8 15. d4 exd4 16. Nxd4 Kf8 17. Qf3 Qf6 18. Ng4 Qg5 19. Ne2 Bxg4 20. hxg4 Qxg4 21. Qxg4 Rxg4 22. Nxf4 Nxf4 23. Bxf4 Ke7 24. Bg3 Rxe4+ 25. Kd2 c6 26. Rae1 d5 27. Bc2 Re6 28. Bf5 Rxe1 29. Rxe1+ Kf6 30. Bd3 Rg8 31. Rg1 Re8 32. Bh4+ Ke6 33. Re1+ Kd7 34. Bf5+ Re6 35. Bxe6+ fxe6 36. f4 Bd6 37. Bg5 c5 38. Rh1 b5 39. Rh7+ Kc6 40. Rh6 Kd7 41. Ke2 a5 42. Kf3 a4 43. a3 b4 44. cxb4 cxb4 45. Rh7+ Kc6 46. Be7 bxa3 47. bxa3 Bc7 48. Bb4 Bb6 49. Re7 Kb5 50. Rxe6 d4 51. Ke4 Bc5 52. Re5 Kc4 53. Rxc5+ Kb3 54. Kxd4 Kb2 55. Kd3 Kb3 56. f5 Ka2 57. f6 Kb2 58. f7 Kb3 59. f8=Q Ka2 60. Qf2+ Kb3 61. Rc3# 1-0


[Site "https://www.chess.com"]

[Event "Titled Tuesday Blitz February 07 Early 2023"]
[White "Garayev, Kanan"]
[Black "Bobomurodova, Maftuna"]
[WhiteFideId "13406671"]
[BlackFideId "14207400"]
[WhiteElo "2346"]
[BlackElo "1946"]
[Result "1-0"]
[Round "02"]
[TimeControl "180+2"]
[Date "2023.02.07"]
[WhiteClock "0:02:18"]
[BlackClock "0:01:18"]

1. e4 e5 2. Nf3 Nc6 3. Bc4 Bc5 4. c3 Nf6 5. d4 exd4 6. cxd4 Bb4+ 7. Nc3 Nxe4 8. O-O Bxc3 9. d5 Ne7 10. bxc3 O-O 11. Qd4 Nd6 12. Bd3 c6 13. Bxh7+ Kxh7 14. Qh4+ Kg8 15. Ng5 Re8 16. Qh7+ Kf8 17. Qh8+ Ng8 18. Nh7+ Ke7 19. Bg5+ f6 20. Qxg7+ Nf7 21. Bxf6+ 1-0


[Site "https://www.chess.com"]

[Event "Titled Tuesday Blitz February 07 Early 2023"]
[White "Tristan, Leonardo"]
[Black "Chabris, Christopher"]
[WhiteFideId "113816"]
[BlackFideId "2005263"]
[WhiteElo "2545"]
[BlackElo "2053"]
[Result "1-0"]
[Round "02"]
[TimeControl "180+2"]
[Date "2023.02.07"]
[WhiteClock "0:02:02"]
[BlackClock "0:00:08"]

1. d4 Nf6 2. Nf3 e6 3. Bf4 c5 4. e3 Nc6 5. c3 d5 6. Nbd2 Bd6 7. Bg3 O-O 8. Bb5 Ne7 9. Bd3 b6 10. e4 Bxg3 11. hxg3 h6 12. e5 Ne8 13. g4 f6 14. exf6 Nxf6 15. g5 hxg5 16. Nxg5 Nf5 17. Ndf3 cxd4 18. cxd4 b5 19. Bxf5 Qa5+ 20. Kf1 exf5 21. Ne5 Re8 22. Ng6 Nh7 23. Rxh7 1-0


[Site "https://www.chess.com"]

[Event "Titled Tuesday Blitz February 07 Early 2023"]
[White "Cepo, Toni"]
[Black "Tillyaev, Ulugbek"]
[WhiteFideId "4675916"]
[BlackFideId "14202441"]
[WhiteElo "2145"]
[BlackElo "2287"]
[Result "1-0"]
[Round "02"]
[TimeControl "180+2"]
[Date "2023.02.07"]
[WhiteClock "0:00:25"]
[BlackClock "0:00:01"]

1. e4 c5 2. Nf3 Nc6 3. Bb5 g6 4. O-O Bg7 5. c3 Nf6 6. Re1 O-O 7. h3 d6 8. d4 cxd4 9. cxd4 d5 10. e5 Ne8 11. Nc3 Na5 12. Qa4 Bf5 13. g4 Be6 14. Ng5 a6 15. Bxe8 Rxe8 16. Nxe6 fxe6 17. Be3 Rc8 18. Rac1 b5 19. Qd1 Rf8 20. b3 Nc6 21. Qd2 Rf3 22. Kg2 Qf8 23. Ne2 Nxe5 24. dxe5 Rxc1 25. Rxc1 Bxe5 26. Nd4 Rf6 27. Bg5 Rf7 28. Nxe6 Qa8 29. Nd4 Bd6 30. f4 Qf8 31. Ne6 Qa8 32. Qd4 h6 33. Bxh6 Rf6 34. Re1 Kh7 35. Bg5 Rf7 36. Rd1 Qc8 37. Qxd5 Qc2+ 38. Rd2 Qc1 39. Nc5 Rf8 40. Ne4 Bb4 41. Re2 Qb1 42. Ng3 Qc1 43. Bxe7 Qxf4 44. Bxb4 Qxb4 45. Re7+ Qxe7 46. Ne4 Rd8 47. Ng5+ Kh6 48. Nf7+ Kg7 49. Nxd8 Qe2+ 50. Kg3 Qe3+ 51. Qf3 Qe5+ 52. Kg2 Qb2+ 53. Qf2 Qb1 54. Ne6+ Kh6 55. Qf4+ Kh7 56. Qf7+ Kh6 57. g5+ Kh5 58. Qh7# 1-0


[Site "https://www.chess.com"]

[Event "Titled Tuesday Blitz February 07 Early 2023"]
[White "Bruned, Boris"]
[Black "Vlassov, Nikolai"]
[WhiteFideId "621790"]
[BlackFideId "4103360"]
[WhiteElo "2133"]
[BlackElo "2283"]
[Result "0-1"]
[Round "02"]
[TimeControl "180+2"]
[Date "2023.02.07"]
[WhiteClock "0:00:13"]
[BlackClock "0:02:24"]

1. b3 e5 2. Bb2 Nc6 3. e3 a6 4. Nf3 e4 5. Nd4 Qf6 6. Qc1 Qg6 7. Nxc6 dxc6 8. h4 Nf6 9. g3 Bg4 10. Bg2 O-O-O 11. Nc3 Bf3 12. Bxf3 exf3 13. d3 Bb4 14. a3 Bxc3+ 15. Bxc3 Rhe8 16. Qb2 Ng4 17. O-O Nxe3 18. Rfe1 Qg4 0-1


[Site "https://www.chess.com"]

[Event "Titled Tuesday Blitz February 07 Early 2023"]
[White "Dimitrov, Atanas"]
[Black "Mendez Machado, Andre"]
[WhiteFideId "2901315"]
[BlackFideId "6603793"]
[WhiteElo "2269"]
[BlackElo "1974"]
[Result "1-0"]
[Round "02"]
[TimeControl "180+2"]
[Date "2023.02.07"]
[WhiteClock "0:02:21"]
[BlackClock "0:00:04"]

1. Nf3 Nf6 2. c4 e6 3. Nc3 d5 4. e3 Be7 5. b3 O-O 6. Bb2 c5 7. cxd5 exd5 8. d4 Nc6 9. Be2 Bf5 10. O-O b6 11. dxc5 bxc5 12. Rc1 Rc8 13. Na4 Ne4 14. Nd2 Nb4 15. a3 Nc6 16. Nxe4 dxe4 17. Nxc5 Bxc5 18. Rxc5 Be6 19. b4 Qg5 20. Rxg5 1-0


[Site "https://www.chess.com"]

[Event "Titled Tuesday Blitz February 07 Early 2023"]
[White "Lesbekova, Assel"]
[Black "Alex_Sahakyan2006"]
[WhiteFideId "13713248"]
[WhiteElo "1772"]
[BlackElo "2712"]
[Result "0-1"]
[Round "02"]
[TimeControl "180+2"]
[Date "2023.02.07"]
[WhiteClock "0:01:52"]
[BlackClock "0:02:09"]

1. e4 c6 2. d4 d5 3. Nd2 dxe4 4. Nxe4 Nf6 5. Ng3 h5 6. h4 Bg4 7. Be2 Bxe2 8. N1xe2 e6 9. Bg5 Nbd7 10. Qd2 Qb6 11. O-O-O O-O-O 12. Qc3 Qa6 13. Kb1 Nb6 14. Bxf6 gxf6 15. Ne4 Qxe2 16. Rhe1 Qb5 17. Nxf6 Bg7 18. Qf3 Qf5 0-1


[Site "https://www.chess.com"]

[Event "Titled Tuesday Blitz February 07 Early 2023"]
[White "Senlle Caride, Miguel"]
[Black "Han, Yichen"]
[WhiteFideId "2282500"]
[BlackFideId "1054430"]
[WhiteElo "2343"]
[BlackElo "2413"]
[Result "1-0"]
[Round "02"]
[TimeControl "180+2"]
[Date "2023.02.07"]
[WhiteClock "0:00:08"]
[BlackClock "0:00:04"]

1. e4 g6 2. d4 Bg7 3. Nc3 c5 4. dxc5 Qa5 5. Nf3 Bxc3+ 6. bxc3 Qxc3+ 7. Bd2 Qxc5 8. Bd3 d6 9. O-O Nf6 10. Rb1 O-O 11. Re1 Qc7 12. h3 Nc6 13. c4 Ne5 14. Bf1 b6 15. Nd4 Bb7 16. f4 Ned7 17. Nb5 Qc6 18. e5 dxe5 19. fxe5 Ne4 20. Bh6 Rfd8 21. Qc2 Nxe5 22. Qb2 f6 23. Rbd1 Nxc4 24. Qb3 Rxd1 25. Bxc4+ Kh8 26. Rxd1 Nd6 27. Bd5 Qc5+ 28. Be3 Bxd5 29. Rxd5 Qc6 30. Nxd6 exd6 31. Bd4 Kg7 32. Qf3 Rf8 33. Qe4 Rf7 34. Be3 Qd7 35. Qf4 g5 36. Qxd6 Qf5 37. Rxf5 Kg6 38. Bd4 Kxf5 39. Qd5+ Kg6 40. Qe4+ Kg7 41. Qf5 h6 42. h4 Rf8 43. h5 Kf7 44. Qxf6+ Ke8 45. Qxh6 Rf4 46. Qg6+ Ke7 47. Qxg5+ 1-0


[Site "https://www.chess.com"]

[Event "Titled Tuesday Blitz February 07 Early 2023"]
[White "Averjanov, Alexey"]
[Black "SicilianPanzer"]
[WhiteFideId "14109867"]
[WhiteElo "2399"]
[BlackElo "2245"]
[Result "1/2-1/2"]
[Round "02"]
[TimeControl "180+2"]
[Date "2023.02.07"]
[WhiteClock "0:00:46"]
[BlackClock "0:00:03"]

1. d4 Nf6 2. c4 e6 3. Nf3 a6 4. e3 d5 5. Nbd2 dxc4 6. Bxc4 b5 7. Be2 Bb7 8. O-O Nbd7 9. a4 b4 10. b3 c5 11. Bb2 Be7 12. Rc1 Rc8 13. Nc4 O-O 14. Nfe5 cxd4 15. Bxd4 Nxe5 16. Bxe5 Qd5 17. Bf3 Qxd1 18. Rfxd1 Bxf3 19. gxf3 Rfd8 20. Kf1 Nd7 21. Bb2 Nc5 22. Na5 Kf8 23. Bd4 Rd5 24. Ke2 e5 25. Bxc5 Rdxc5 26. Rxc5 Rxc5 27. Nc4 f6 28. Rd7 Kf7 29. Ra7 Rc6 30. e4 Ke6 31. h3 g5 32. Kd2 h5 33. Rb7 Bc5 34. Ke2 Bd6 35. Rh7 h4 36. Rb7 Bc5 37. Ne3 Bxe3 38. fxe3 Rc2+ 39. Kd3 Rc3+ 40. Kd2 Rxb3 41. Rb6+ Kf7 42. Rxa6 Rb2+ 43. Kd3 Rb3+ 44. Kd2 Rb2+ 45. Kd3 Rb3+ 46. Ke2 Ra3 47. a5 Kg6 48. Rb6 Rxa5 49. Rxb4 Ra2+ 50. Kf1 Rh2 51. Rb8 Rxh3 52. Kg2 Rg3+ 53. Kf2 g4 54. Rg8+ Kf7 55. Rxg4 Rxg4 56. fxg4 Kg7 57. Kg2 Kg6 58. Kh2 Kh6 59. Kg2 Kg6 60. Kh2 Kh6 61. Kg2 Kg6 1/2-1/2


[Site "https://www.chess.com"]

[Event "Titled Tuesday Blitz February 07 Early 2023"]
[White "Dilmukhametov, Artur"]
[Black "Manukyan, Sargis A."]
[WhiteFideId "24179922"]
[BlackFideId "13303970"]
[WhiteElo "2276"]
[BlackElo "2158"]
[Result "0-1"]
[Round "02"]
[TimeControl "180+2"]
[Date "2023.02.07"]
[WhiteClock "0:00:23"]
[BlackClock "0:00:36"]

1. e4 c5 2. Nf3 d6 3. Bb5+ Bd7 4. Bxd7+ Qxd7 5. O-O Nc6 6. c3 Nf6 7. d4 cxd4 8. cxd4 e6 9. Nc3 d5 10. e5 Ne4 11. Ne2 Be7 12. Ne1 f6 13. Nd3 O-O 14. f3 Ng5 15. Bxg5 fxg5 16. Qd2 Rac8 17. Rfc1 a6 18. Nc5 Bxc5 19. Rxc5 h6 20. Rac1 Ne7 21. Qd3 Rxc5 22. Rxc5 Rc8 23. Qc2 Rxc5 24. Qxc5 Kf7 25. b3 Qc6 26. Qxc6 Nxc6 27. Kf2 Nb4 28. a4 Nc2 29. f4 gxf4 30. Kf3 g5 31. h4 Kg6 32. hxg5 hxg5 33. g4 Kf7 34. Kf2 Ke7 35. b4 Nxb4 36. Ng1 Kf7 37. Nf3 Kg6 38. Ke2 Nc2 39. Kd3 Ne3 40. Nh2 b5 41. axb5 axb5 42. Kc3 Nxg4 43. Nxg4 Kf5 44. Nh6+ Ke4 45. Nf7 g4 46. Nd6+ Ke3 47. Nxb5 g3 0-1


[Site "https://www.chess.com"]

[Event "Titled Tuesday Blitz February 07 Early 2023"]
[White "Koellner, Ruben Gideon"]
[Black "Simonovic, Miroslav"]
[WhiteFideId "12993093"]
[BlackFideId "919152"]
[WhiteElo "2426"]
[BlackElo "2082"]
[Result "1-0"]
[Round "02"]
[TimeControl "180+2"]
[Date "2023.02.07"]
[WhiteClock "0:00:21"]
[BlackClock "0:00:56"]

1. d4 Nf6 2. Nf3 c5 3. d5 b5 4. e4 Nxe4 5. Bd3 Nd6 6. a4 c4 7. Be2 Bb7 8. axb5 g6 9. Qd4 f6 10. Nc3 Bg7 11. Bf4 Nf7 12. Qxc4 O-O 13. O-O d6 14. Nd4 Qd7 15. Nc6 Rc8 16. Qe4 Ne5 17. Bxe5 fxe5 18. Bg4 Qc7 19. Bxc8 Bxc8 20. Qe3 Nxc6 21. bxc6 a6 22. Na4 Rb8 23. Ra3 Qa5 24. Nc3 Qb4 25. Rb3 Qxb3 26. cxb3 Rxb3 27. Qa7 Kf7 28. Qc7 Bf5 29. Qd8 Rxb2 30. c7 e4 31. c8=Q Bxc8 32. Qxc8 Rc2 33. Qe6+ Kf8 34. Nxe4 Re2 35. Ng5 Rxe6 36. Nxe6+ Kf7 37. Nxg7 Kxg7 38. Ra1 Kf6 39. Rxa6 Ke5 40. Ra7 Kxd5 41. Rxe7 Kc4 42. Rxh7 d5 43. Rh6 d4 44. Rxg6 d3 45. Rd6 Kc3 46. h4 d2 47. h5 Kc2 48. h6 d1=Q+ 49. Rxd1 Kxd1 50. h7 Ke2 51. h8=Q Kd3 52. Qe5 1-0


[Site "https://www.chess.com"]

[Event "Titled Tuesday Blitz February 07 Early 2023"]
[White "Araujo Sanchez, Josue"]
[Black "Khokhlova, Daria"]
[WhiteFideId "6416896"]
[BlackFideId "24182729"]
[WhiteElo "2303"]
[BlackElo "2111"]
[Result "1-0"]
[Round "02"]
[TimeControl "180+2"]
[Date "2023.02.07"]
[WhiteClock "0:00:21"]
[BlackClock "0:00:04"]

1. Nf3 c5 2. g3 d5 3. Bg2 Nc6 4. O-O g6 5. c4 d4 6. e3 Bg7 7. exd4 cxd4 8. Re1 Nf6 9. d3 O-O 10. Bg5 Nd7 11. Qd2 a5 12. Na3 Re8 13. Nb5 Nc5 14. Bh6 Bh8 15. Ng5 Bf5 16. Ne4 Nxe4 17. dxe4 Be6 18. Rac1 Qd7 19. f4 f5 20. e5 Red8 21. Red1 Bg7 22. Bxg7 Kxg7 23. h4 a4 24. Qf2 Qc8 25. Rd2 d3 26. Rc3 Nb4 27. a3 Na6 28. Nd4 Bg8 29. Rdxd3 Nc5 30. Rd2 Rb8 31. Kh2 Qc7 32. Nb5 Qb6 33. Rcc2 Rxd2 34. Rxd2 Ne6 35. Qxb6 1-0


[Site "https://www.chess.com"]

[Event "Titled Tuesday Blitz February 07 Early 2023"]
[White "Paravyan, David"]
[Black "Czopor, Maciej"]
[WhiteFideId "4194985"]
[BlackFideId "21805431"]
[WhiteElo "2601"]
[BlackElo "2385"]
[Result "1-0"]
[Round "02"]
[TimeControl "180+2"]
[Date "2023.02.07"]
[WhiteClock "0:00:05"]
[BlackClock "0:00:01"]

1. d4 d6 2. Nf3 Nd7 3. e4 c6 4. a4 g6 5. Bc4 Bg7 6. O-O d5 7. exd5 Nb6 8. Bb3 cxd5 9. a5 Nc4 10. Nc3 e6 11. Bxc4 dxc4 12. Ne5 Ne7 13. Nxc4 O-O 14. Ne2 Nc6 15. c3 e5 16. Be3 Be6 17. Nxe5 Nxe5 18. dxe5 Bxe5 19. Bd4 Bc7 20. Qd2 Qh4 21. g3 Qg4 22. Nf4 Bc4 23. Rfe1 Rfe8 24. Rxe8+ Rxe8 25. Re1 Rd8 26. Bf6 Rc8 27. Nd5 Bxd5 28. Qxd5 h5 29. Qxb7 1-0


[Site "https://www.chess.com"]

[Event "Titled Tuesday Blitz February 07 Early 2023"]
[White "Sychev, Klementy"]
[Black "Omelja, Artem"]
[WhiteFideId "4114060"]
[BlackFideId "14119846"]
[WhiteElo "2547"]
[BlackElo "2446"]
[Result "1-0"]
[Round "02"]
[TimeControl "180+2"]
[Date "2023.02.07"]
[WhiteClock "0:00:53"]
[BlackClock "0:00:17"]

1. e4 c5 2. Nf3 Nc6 3. d4 cxd4 4. Nxd4 Nf6 5. Nc3 e5 6. Ndb5 d6 7. Bg5 a6 8. Na3 b5 9. Bxf6 gxf6 10. Nd5 f5 11. g3 fxe4 12. Bg2 Bf5 13. c3 Bg7 14. Nc2 O-O 15. Nce3 Bg6 16. h4 h6 17. g4 Ne7 18. Nxe7+ Qxe7 19. Qd5 b4 20. cxb4 Rab8 21. a3 Rb5 22. Qc6 f5 23. gxf5 Bxf5 24. Nxf5 Rxf5 25. Bxe4 Rf4 26. Rg1 Qxh4 27. Qe8+ Rf8 28. Rxg7+ Kh8 29. Qxf8# 1-0


[Site "https://www.chess.com"]

[Event "Titled Tuesday Blitz February 07 Early 2023"]
[White "Mogranzini, Roberto"]
[Black "Svane, Frederik"]
[WhiteFideId "810894"]
[BlackFideId "12923044"]
[WhiteElo "2459"]
[BlackElo "2600"]
[Result "1-0"]
[Round "02"]
[TimeControl "180+2"]
[Date "2023.02.07"]
[WhiteClock "0:00:15"]
[BlackClock "0:00:03"]

1. e4 c5 2. Nf3 d6 3. Nc3 Nf6 4. e5 dxe5 5. Nxe5 Bd7 6. g3 Nc6 7. Nxd7 Qxd7 8. Bg2 e6 9. O-O Be7 10. d3 O-O 11. b3 Rad8 12. Bb2 Nd4 13. Ne2 b6 14. Qd2 h6 15. Rad1 Rfe8 16. Rfe1 Nf5 17. Nf4 Nd5 18. Nxd5 exd5 19. Bh3 Bd6 20. d4 Rxe1+ 21. Rxe1 Nxd4 22. Qxd4 cxd4 23. Bxd7 Rxd7 24. Re8+ Kh7 25. Bxd4 Rc7 26. c3 Bc5 27. Rd8 Bxd4 28. cxd4 Rc2 29. a4 Rb2 30. Rxd5 Rxb3 31. Rd7 a5 32. d5 Rb4 33. Rb7 Kg6 34. d6 Kf6 35. d7 Ke7 36. h4 Rxa4 37. Rxb6 Kxd7 38. Rb7+ Ke6 39. Ra7 g5 40. Ra6+ Kf5 41. Rxh6 gxh4 42. gxh4 Rg4+ 43. Kf1 a4 44. h5 Kg5 45. Rh8 1-0


[Site "https://www.chess.com"]

[Event "Titled Tuesday Blitz February 07 Early 2023"]
[White "Durarbayli, Vasif"]
[Black "Hnydiuk, Aleksander"]
[WhiteFideId "13402935"]
[BlackFideId "1109057"]
[WhiteElo "2627"]
[BlackElo "2363"]
[Result "0-1"]
[Round "02"]
[TimeControl "180+2"]
[Date "2023.02.07"]
[WhiteClock "0:00:01"]
[BlackClock "0:00:04"]

1. e4 e5 2. Nf3 Nc6 3. Bc4 Bc5 4. O-O Nf6 5. d3 O-O 6. Re1 d5 7. exd5 Nxd5 8. h3 Re8 9. Nbd2 Bf5 10. Ne4 Bb6 11. Bg5 Qd7 12. Nh4 Be6 13. Qh5 f6 14. Bxd5 Bxd5 15. Bxf6 Rf8 16. Bxe5 Bxe4 17. Rxe4 Rxf2 18. Kh1 Nxe5 19. Rxe5 Raf8 20. Nf3 Rxc2 21. Rae1 Qxd3 22. Re8 Bc5 23. Qg4 Qg6 24. Rxf8+ Bxf8 25. Qxg6 hxg6 26. Ng5 Rxb2 27. Re8 Rxa2 28. Kg1 Ra5 29. h4 Rf5 30. Rc8 c5 31. Rc7 b5 32. Rxa7 b4 33. Rb7 c4 34. g4 Rf4 35. Kh2 b3 36. Ne6 Rf6 37. Nd4 Rf4 38. Ne6 Rf6 39. Nd4 Rd6 40. Nb5 Rd2+ 41. Kg3 b2 42. Nc7 c3 43. Ne6 Re2 44. Nd4 Re1 0-1


[Site "https://www.chess.com"]

[Event "Titled Tuesday Blitz February 07 Early 2023"]
[White "Talibov, Shiroghlan"]
[Black "Malka, Samuel"]
[WhiteFideId "13429078"]
[BlackFideId "20643675"]
[WhiteElo "2359"]
[BlackElo "2165"]
[Result "1-0"]
[Round "02"]
[TimeControl "180+2"]
[Date "2023.02.07"]
[WhiteClock "0:00:41"]
[BlackClock "0:00:56"]

1. Nf3 c5 2. e4 Nc6 3. d4 cxd4 4. Nxd4 Nf6 5. Nc3 e5 6. Ndb5 d6 7. Bg5 a6 8. Na3 b5 9. Bxf6 gxf6 10. Nd5 Bg7 11. Qh5 Ne7 12. Nxe7 Qxe7 13. Nb1 d5 14. Nc3 dxe4 15. O-O-O Bb7 16. Be2 O-O 17. Bg4 f5 18. Bxf5 h6 19. Rd7 Qc5 20. Rxb7 Qxf2 21. Nxe4 Qf4+ 22. Kb1 Rad8 23. Qf3 Qh4 24. g3 1-0


[Site "https://www.chess.com"]

[Event "Titled Tuesday Blitz February 07 Early 2023"]
[White "Nguyen, Quoc Hy"]
[Black "Fernandez, Michael"]
[WhiteFideId "12410853"]
[BlackFideId "5803560"]
[WhiteElo "2352"]
[BlackElo "2181"]
[Result "1-0"]
[Round "02"]
[TimeControl "180+2"]
[Date "2023.02.07"]
[WhiteClock "0:00:40"]
[BlackClock "0:00:01"]

1. d4 d5 2. c4 c6 3. Nc3 Nf6 4. Nf3 e6 5. Bg5 dxc4 6. e4 b5 7. e5 h6 8. Bh4 g5 9. Nxg5 hxg5 10. Bxg5 Nbd7 11. exf6 Bb7 12. Be2 Nxf6 13. Bf3 Be7 14. O-O Qc7 15. h3 O-O-O 16. Rc1 Ng4 17. Bxg4 Bxg5 18. Rc2 a6 19. Ne4 Be7 20. Bf3 c5 21. Rd2 cxd4 22. Rxd4 Qe5 23. Rxd8+ Rxd8 24. Qc2 f5 25. Nd2 Bxf3 26. Nxf3 Qd5 27. Re1 Bf6 28. a4 Qd3 29. Qc1 e5 30. Nxe5 Bxe5 31. Rxe5 bxa4 32. Rc5+ Kb7 33. Rxc4 Qd1+ 34. Qxd1 Rxd1+ 35. Kh2 Rd2 36. Rxa4 Rxf2 37. Rb4+ Kc6 38. Kg3 Rc2 39. h4 a5 40. Rb8 Kd5 41. Kf3 Rc4 42. Rb5+ Ke6 43. g3 a4 44. Rb6+ Ke5 45. Rb5+ Kd4 46. Rxf5 Kd3 47. Rb5 1-0


[Site "https://www.chess.com"]

[Event "Titled Tuesday Blitz February 07 Early 2023"]
[White "Rozman, Levy"]
[Black "Horak, Martin"]
[WhiteFideId "2039877"]
[BlackFideId "367095"]
[WhiteElo "2322"]
[BlackElo "2266"]
[Result "1-0"]
[Round "02"]
[TimeControl "180+2"]
[Date "2023.02.07"]
[WhiteClock "0:01:50"]
[BlackClock "0:00:14"]

1. e4 e5 2. Nc3 Nf6 3. f4 d5 4. fxe5 Nxe4 5. Qf3 Nxc3 6. bxc3 Be7 7. d4 Be6 8. Bd3 Qd7 9. Ne2 Nc6 10. O-O O-O-O 11. Rb1 h6 12. Nf4 Bg5 13. Nxe6 fxe6 14. Bxg5 hxg5 15. Qg4 Qe7 16. Rf3 Rdf8 17. Rbf1 Rxf3 18. Qxf3 Nd8 19. Qg4 a6 20. a4 c6 21. g3 Kc7 22. Kg2 Nf7 23. a5 Nh6 24. Qd1 Rf8 25. Qb1 g4 26. Qb6+ Kc8 27. Bxa6 Rxf1 28. Bxf1 Qf7 29. Be2 Nf5 30. a6 Ne3+ 31. Kg1 bxa6 32. Qxc6+ Kb8 33. Qb6+ Qb7 34. Qxa6 Qxa6 35. Bxa6 Nxc2 36. Kf2 Kc7 37. Be2 Na3 38. Ke3 Kd7 39. Bxg4 Ke7 40. Be2 Nc2+ 41. Kd2 Na3 42. Bd3 1-0


[Site "https://www.chess.com"]

[Event "Titled Tuesday Blitz February 07 Early 2023"]
[White "Matinian, Nikita"]
[Black "Mesa Cruz, Juan Carlos"]
[WhiteFideId "24129100"]
[BlackFideId "6423400"]
[WhiteElo "2407"]
[BlackElo "2122"]
[Result "0-1"]
[Round "02"]
[TimeControl "180+2"]
[Date "2023.02.07"]
[WhiteClock "0:00:07"]
[BlackClock "0:00:17"]

1. e4 c5 2. Nc3 Nc6 3. Bb5 Nd4 4. Nf3 g6 5. O-O Bg7 6. e5 a6 7. Bc4 Nh6 8. d3 Nhf5 9. Nxd4 cxd4 10. Nd5 e6 11. Nf6+ Bxf6 12. exf6 Qxf6 13. Qf3 Qe7 14. Bb3 O-O 15. g4 Ng7 16. Bh6 d6 17. Rae1 e5 18. Qg3 Be6 19. f4 Bxb3 20. axb3 f6 21. Re2 Rf7 22. h4 Re8 23. f5 d5 24. fxg6 hxg6 25. h5 gxh5 26. Rh2 Qe6 27. gxh5 f5 28. Bg5 f4 29. Qf3 Kh7 30. Kh1 Nf5 31. Rg2 Ne3 32. Rfg1 Nxg2 33. Rxg2 Rg8 34. Qf2 Rfg7 35. Qh4 Qf5 0-1


[Site "https://www.chess.com"]